 Dungeon Crawl Stone Soup version 0.18-a0-1202-g796ae12 (webtiles) character file.

535 st0uf the Shield-Bearer (level 7, -1/63 HPs)
             Began as a Naga Fighter on Jan 31, 2016.
             Slain by a gnoll sergeant
             ... wielding a +1 spear of piercing
              (10 damage)
             ... on level 5 of the Dungeon.
             The game lasted 00:19:45 (3439 turns).

st0uf the Shield-Bearer (Naga Fighter)              Turns: 3439, Time: 00:19:45

Health: -1/63      AC:  6    Str: 18    XL:     7   Next: 25%
Magic:  7/7        EV:  6    Int:  8    God:
Gold:   206        SH:  9    Dex: 13    Spells: 0 memorised, 6 levels left

rFire  . . .     SeeInvis +     a - +0 trident
rCold  . . .     Gourm    .     b - +0 scale mail
rNeg   . . .     Faith    .     c - +0 shield
rPois  +         Spirit   .     (no helmet)
rElec  .         Dismiss  .     (no cloak)
rCorr  .         Reflect  .     (no gloves)
SustAt .         Harm     .     (no barding)
MR     .....                    l - amulet of rage
Stlth  ..........               (no ring)
                                (no ring)

@: short of breath, very slow, not resistant to hostile enchantments, extremely
unstealthy
A: see invisible, deformed body, poison resistance, slowness 2, slow metabolism
1, spit poison 2, AC +2
a: Spit Poison, Evoke Berserk Rage


You were on level 5 of the Dungeon.
You were hungry.

You visited 2 branches of the dungeon, and saw 6 of its levels.

You collected 206 gold pieces.

Inventory:

Hand Weapons
 a - a +0 trident (weapon)
Missiles
 i - 47 bolts
Armour
 b - a +0 scale mail (worn)
 c - a +0 shield (worn)
 w - a +1 pair of gloves
Jewellery
 l - an amulet of rage (around neck)
 p - an uncursed amulet of faith
Scrolls
 e - a scroll of random uselessness {unknown}
 k - a scroll of magic mapping
 n - 4 scrolls of identify
 q - a scroll of enchant weapon {unknown}
 r - 3 scrolls of teleportation
 t - 2 scrolls of immolation {unknown}
 v - a scroll of noise {unknown}
 x - a scroll of amnesia {unknown}
Potions
 d - 2 potions of might
 g - a potion of haste
 h - a potion of brilliance {unknown}
 j - 5 potions of curing {unknown}
 o - a potion of heal wounds {unknown}
 u - 2 potions of flight {unknown}
 z - a potion of lignification {unknown}
 A - 3 potions of resistance {unknown}
Books
 y - a book of Ice

   Spells                             Type                      Level
   a - Ice Form                       Ice/Transmutation            4
   b - Metabolic Englaciation         Hexes/Ice                    5
   c - Ozocubu's Refrigeration        Ice                          6
   d - Bolt of Cold                   Conjuration/Ice              6
   e - Freezing Cloud                 Conjuration/Ice/Air          6
   f - Simulacrum                     Ice/Necromancy               6
Comestibles
 f - 6 bread rations
 m - 4 meat rations
 s - a royal jelly
 B - a chunk of flesh


   Skills:
 + Level 3.7 Fighting
 * Level 4.2 Polearms
 + Level 3.4 Armour
 + Level 1.9 Dodging
 * Level 4.4 Shields


You had 6 spell levels left.
You didn't know any spells.

Dungeon Overview and Level Annotations

Branches:
Dungeon (5/15)             Temple (1/1) D:4

Altars:
Ashenzari
Gozag
Makhleb
Qazlal
Ru
Sif Muna
Trog
Xom

Shops:
D:4 :


Innate Abilities, Weirdness & Mutations

You cannot wear boots.
Your serpentine skin is tough (AC +2).
You have supernaturally acute eyesight.
Armour fits poorly on your strangely shaped body.
Your system is resistant to poisons.
You cover ground very slowly.
You have a slow metabolism.
You can spit poison.


Message History

The gnoll sergeant is moderately wounded.
You feel slightly more hungry.
The gnoll sergeant hits you from afar with a spear of piercing!
* * * LOW HITPOINT WARNING * * *
x2 You feel sick.
The gnoll sergeant barely misses you.
You have got your breath back.
You feel sick.
Press: ? - help, Shift-Dir - straight line, f/p - gnoll sergeant
Aim: a gnoll sergeant, wielding a spear of piercing and wearing a scale mail (moderately wounded)
The splash of poison hits the gnoll sergeant.
The gnoll sergeant appears unharmed.
The gnoll sergeant is moderately wounded.
You feel slightly more hungry. You block the gnoll sergeant's attack.
The gnoll sergeant hits you from afar with a spear of piercing.
* * * LOW HITPOINT WARNING * * *
x2 You feel sick.
You are no longer poisoned.
The gnoll sergeant hits you from afar with a spear of piercing!
You die...

#.......# #.#..............
#.......####.#.###.........#
#........#.......'..........
#........#.#.#.###......=...
#........#.#g#.# #..........
#........#.#g#.# #..........
#........#<#g#.# #..........
#.)......###.#.############.
#..........@.#..............
##'#########################
#.....................>....
###########################


You could see a gnoll sergeant and 2 gnolls.

Vanquished Creatures
  2 ogres (D:4)
  The ghost of Foomius the Stinger, an amateur OpVM (D:3)
  A centaur zombie (D:5)
  4 worker ants
  4 gnolls
  7 adders
  An ooze (D:3)
  A worm (D:4)
  3 giant geckos
  2 orcs (D:5)
  2 giant cockroaches
  9 goblins
  4 hobgoblins
  4 jackals (D:2)
  A ball python (D:2)
  5 bats
  A giant gecko skeleton (D:5)
  A giant gecko zombie (D:5)
  4 giant newts
  2 kobolds
  A quokka skeleton (D:4)
  10 rats
70 creatures vanquished.

Notes
Turn   | Place    | Note
--------------------------------------------------------------
     0 | D:1      | st0uf the Naga Fighter began the quest for the Orb.
     0 | D:1      | Reached XP level 1. HP: 21/21 MP: 1/1
   333 | D:1      | Reached XP level 2. HP: 24/28 MP: 2/2
   957 | D:2      | Reached XP level 3. HP: 34/34 MP: 3/3
  1095 | D:2      | Reached XP level 4. HP: 40/42 MP: 4/4
  1741 | D:3      | Noticed Foomius's ghost (amateur OpVM)
  1760 | D:3      | Killed Foomius's ghost
  1760 | D:3      | Reached skill level 1 in Dodging
  1760 | D:3      | Reached XP level 5. HP: 29/49 MP: 5/5
  1905 | D:4      | Noticed an ogre
  1916 | D:4      | Killed an ogre
  1916 | D:4      | Reached XP level 6. HP: 33/56 MP: 6/6
  2055 | D:4      | Reached skill level 4 in Shields
  2062 | D:4      | Found a staircase to the Ecumenical Temple.
  2145 | D:4      | Found Bumeneniy's Book Shoppe.
  2235 | D:5      | Entered Level 5 of the Dungeon
  2410 | D:5      | Found a shattered altar of Ashenzari.
  2578 | Temple   | Entered the Ecumenical Temple
  2840 | D:4      | Reached XP level 7. HP: 4/63 MP: 7/7
  3439 | D:5      | Slain by a gnoll sergeant

Vault maps used:
D:1:      co_arrival_square_in_a_square_in_a_square
D:4:      minmay_temple_entry_from_below_a, serial_shops, shop
D:5:      evilmike_ruin_ashenzari, first_bread
Temple:   nicolae_temple_great_sept

Action                   |  1- 3 |  4- 6 |  7- 9 || total
-------------------------+-------+-------+-------++-------
Melee: Trident           |    75 |   109 |    15 ||   199
 Abil: Spit Poison       |    21 |    22 |    12 ||    55
  Use: Scroll            |       |     5 |       ||     5
       Potion            |       |     1 |       ||     1
  Eat: Chunk             |     1 |     5 |     3 ||     9
